 Dungeon Crawl Stone Soup version 0.21.1-1-g345015f (webtiles) character file.

44446 infcreate the Severer (level 13, 0/117 HPs)
             Began as a Minotaur Fighter on May 18, 2018.
             Was a High Priest of Trog.
             Slain by a death yak (4 damage)
             ... on level 6 of the Lair of Beasts.
             The game lasted 01:18:29 (16218 turns).

infcreate the Severer (Minotaur Fighter)           Turns: 16218, Time: 01:18:29

Health: 0/117      AC: 31    Str: 34    XL:     13   Next: 96%
Magic:  12/12      EV:  6    Int:  3    God:    Trog [*****.]
Gold:   823        SH:  0    Dex: 10    Spells: 12/12 levels left

rFire    . . .     SeeInvis +   N - +6 war axe of Animal Spirits {protect, Str+4 Int-2 SInv}
rCold    . . .     Gourm    .   L - +0 large shield
rNeg     . . .     Faith    .   e - +1 plate armour
rPois    .         Spirit   .   (helmet restricted)
rElec    .         Reflect  +   B - +2 cloak {MR+}
rCorr    .         Harm     .   v - +0 pair of gloves
MR       +....                  k - +1 pair of boots
Stlth    ..........             G - +5 amulet of reflection
HPRegen  0.29/turn              m - +4 ring of evasion
MPRegen  0.13/turn              O - +4 ring of strength

@: about to teleport, petrifying (expiring), barbed spikes, protection aura,
very slow
A: retaliatory headbutt, horns 2
a: Berserk, Trog's Hand, Brothers in Arms, Burn Spellbooks, Renounce Religion


You were on level 6 of the Lair of Beasts.
You worshipped Trog.
Trog was extremely pleased with you.
You were hungry.

You visited 3 branches of the dungeon, and saw 17 of its levels.

You collected 823 gold pieces.

Inventory:

Hand Weapons
 N - the +6 war axe of Animal Spirits (weapon) {protect, Str+4 Int-2 SInv}
   (You found it on level 3 of the Lair of Beasts)

   It protects the one who uses it against injury (+AC on strike).
   It affects your strength (+4).
   It affects your intelligence (-2).
   It lets you see invisible.
Armour
 e - a +1 plate armour (worn)
 k - a +1 pair of boots (worn)
 v - a +0 pair of gloves (worn)
 B - a +2 cloak of magic resistance (worn)
 L - a +0 large shield (worn)
Jewellery
 h - an uncursed ring of stealth {unknown}
 m - a +4 ring of evasion (left hand)
 G - a +5 amulet of reflection (around neck)
 O - a +4 ring of strength (right hand)
Wands
 q - a wand of flame (24)
 H - a wand of digging (25)
Scrolls
 c - a scroll of blinking
 g - 4 scrolls of identify
 j - 4 scrolls of amnesia
 l - 2 scrolls of immolation {unknown}
 n - 5 scrolls of enchant armour
 o - 4 scrolls of remove curse
 t - 2 scrolls of teleportation
 u - 3 scrolls of fear
 x - a scroll of holy word
 z - a scroll of random uselessness
 A - 2 scrolls of fog
 E - 3 scrolls of enchant weapon
 I - 2 scrolls of magic mapping {unknown}
 J - a scroll of torment
 M - a scroll of summoning {unknown}
Potions
 a - a potion of magic
 b - a potion of heal wounds
 d - 2 potions of might
 i - a potion of cancellation
 p - a potion of flight
 r - 11 potions of curing
 s - a potion of mutation
 w - 2 potions of lignification
 C - a potion of invisibility
 D - a potion of berserk rage
 F - a potion of brilliance
 K - a potion of agility
Comestibles
 f - 41 rations


   Skills:
 + Level 11.8 Fighting
 + Level 17.0 Axes
 + Level 12.2 Armour
 + Level 3.0 Dodging
 + Level 15.6 Shields


You had 12 spell levels left.
You didn't know any spells.

Dungeon Overview and Level Annotations

Branches:
Dungeon (10/15)            Temple (1/1) D:6            Lair (6/6) D:10
 Shoals (0/4) Lair:4        Snake (0/4) Lair:2        Slime (0/5) Lair:5
    Orc (0/2) D:9

Altars:
Ashenzari
Dithmenos
Gozag
Nemelex Xobeh
Okawaru
Ru
Trog
Uskayaw
Vehumet
Wu Jian
Zin
The Shining One
Beogh
Jiyva


Innate Abilities, Weirdness & Mutations

You reflexively headbutt those who attack you in melee.
You have a pair of horns on your head.


Message History

Unknown command.
The barbs in your skin will harm you if you move.
Continue?
Okay, then.
The helpless spiny frog fails to defend itself.
You slice the spiny frog!! You headbutt the spiny frog.
The spiny frog is heavily wounded.
You hit the death yak but do no damage. You slash the plant!
You slice the catoblepas!!
You lop one of the seven-headed hydra's heads off!
The six-headed hydra grows two more!
You slice the eight-headed hydra!!
The spiny frog is no longer petrified.
The spiny frog stings you but does no damage.
The eight-headed hydra bites you but does no damage. x5
The eight-headed hydra closely misses you.
The eight-headed hydra bites you but does no damage. x2
The catoblepas breathes a plume of calcifying dust at you.
The blast of calcifying dust hits you!
The blast of calcifying dust hits the plant.
The death yak gores you!
You die...

....##............# ##...##
....###...........###.....#
...## ##...#.....P##.....##
..## ##.P#.###..##...#.##
..# ####...#...##.....#
....### #...#..P##....##
....##.. #.......#.P.#.##
....##..$ #####..##......##
....##...(
###HY@P###......#
....##.....#...DFY#
#....###
....###...........###..P..#
.....###..#.#....##.......#
....P####.......##.......##
...P.P.###.#P...##.†.....P#
#..PPP..#########......P.##
...PP.P..######......#PPP.#
......P...#.#........#..P.#


You could see a death yak, a catoblepas, an eight-headed hydra, a manticore
(petrified) and a spiny frog.

Vanquished Creatures
  Rupert (Lair:5)
  6 hydras
  A catoblepas (Lair:6)
  2 two-headed ogres
  The ghost of Saeniel the Protected, a journeyman GrFi of Okawaru (D:10)
  2 death yaks (Lair:6)
  An unseen horror (D:10)
  3 oklob plants (Lair:5)
  2 manticores (Lair:6)
  6 elephants (Lair:6)
  3 black mambas
  A torpor snail (Lair:6)
  A centaur skeleton (D:9)
  12 spiny frogs
  7 rime drakes (Lair:6)
  9 komodo dragons
  The ghost of Opti87 the Magician, a novice DEWz of Vehumet (D:8)
  2 polar bears
  A queen bee (Lair:1)
  A troll (D:10)
  7 hippogriffs
  4 blink frogs
  15 dream sheep
  A snapping turtle (Lair:4)
  13 yaks
  A human (D:9)
  3 hogs (D:9)
  4 basilisks
  14 wyverns
  2 hungry ghosts
  4 nagas (Lair:2)
  13 water moccasins
  14 porcupines
  A black bear (Lair:2)
  An ice beast (D:10)
  A sky beast (D:10)
  5 orc warriors
  A phantom (D:9)
  A hornet zombie (D:8)
  2 ogres
  A wolf (Lair:6)
  2 centaurs (D:5)
  14 crocodiles
  A big kobold (D:8)
  14 bullfrogs
  A gnoll sergeant (D:5)
  A water moccasin zombie (D:8)
  3 scorpions
  A water moccasin skeleton (D:4)
  35 killer bees
  A howler monkey (D:5)
  3 electric eels
  2 crimson imps
  2 bullfrog zombies
  7 orc priests
  2 jellies
  10 orc wizards
  Crazy Yiuf (D:7)
  A hound (D:9)
  2 iguanas
  Ijyb (D:4)
  Natasha (thrice) (D:3)
  7 worker ants
  A worker ant zombie (D:5)
  9 gnolls
  6 adders
  A shadow imp (D:9)
  An ooze (D:6)
  2 adder skeletons
  3 worms
  A dart slug (D:1)
  4 leopard geckos
  33 orcs
  5 giant cockroaches
  6 goblins
  5 hobgoblins
  2 jackals (D:6)
  15 kobolds
  4 quokkas
  7 bats
  2 frilled lizards
  8 rats
  4 fungi
  2 plants (Lair:5)
406 creatures vanquished.

Vanquished Creatures (others)
  2 orcs (D:8)
  57 fungi
  16 plants
75 creatures vanquished.

Grand Total: 481 creatures vanquished

Notes
Turn   | Place    | Note
-------+----------+-------------------------------------------
     0 | D:1      | infcreate the Minotaur Fighter began the quest for the Orb.
     0 | D:1      | Reached XP level 1. HP: 19/19 MP: 0/0
   165 | D:1      | Reached XP level 2. HP: 27/27 MP: 1/1
  1008 | D:2      | Reached XP level 3. HP: 8/33 MP: 2/2
  1712 | D:3      | Noticed Natasha
  1724 | D:3      | Killed Natasha
  1724 | D:3      | Reached skill level 3 in Axes
  1738 | D:3      | Reached XP level 4. HP: 20/40 MP: 3/3
  2089 | D:3      | Found a faded altar of an unknown god.
  2199 | D:3      | Noticed Natasha
  2206 | D:3      | Killed Natasha
  2206 | D:3      | Reached skill level 4 in Axes
  2206 | D:3      | Reached XP level 5. HP: 35/47 MP: 4/4
  2540 | D:3      | Noticed Natasha
  2545 | D:3      | Killed Natasha
  2723 | D:4      | Noticed Ijyb
  2737 | D:4      | Killed Ijyb
  2737 | D:4      | Reached skill level 5 in Armour
  3017 | D:4      | Reached skill level 5 in Shields
  3110 | D:4      | Found a sparkling altar of Nemelex Xobeh.
  3155 | D:4      | Found a shadowy altar of Dithmenos.
  3224 | D:4      | Reached XP level 6. HP: 53/53 MP: 5/5
  3299 | D:4      | Reached skill level 5 in Axes
  3440 | D:5      | Entered Level 5 of the Dungeon
  3481 | D:5      | Reached skill level 5 in Fighting
  3548 | D:5      | Reached skill level 6 in Axes
  3548 | D:5      | Reached XP level 7. HP: 48/61 MP: 6/6
  3960 | D:5      | Found a glowing silver altar of Zin.
  4313 | D:6      | Reached skill level 7 in Axes
  4390 | D:6      | Found a radiant altar of Vehumet.
  4410 | D:6      | Found a glowing golden altar of the Shining One.
  4499 | D:6      | Found a staircase to the Ecumenical Temple.
  4517 | Temple   | Entered the Ecumenical Temple
  4520 | Temple   | Became a worshipper of Trog the Wrathful
  4677 | D:6      | Reached XP level 8. HP: 65/69 MP: 7/7
  4951 | D:6      | Reached skill level 8 in Axes
  4958 | D:6      | Found a sparkling altar of Nemelex Xobeh.
  5379 | D:7      | Reached skill level 9 in Axes
  5562 | D:7      | Found a shattered altar of Ashenzari.
  5587 | D:7      | Reached * piety under Trog
  5798 | D:7      | Found a runed door.
  5802 | D:7      | Noticed Crazy Yiuf
  5808 | D:7      | Killed Crazy Yiuf
  6041 | D:8      | Reached XP level 9. HP: 78/78 MP: 8/8
  6173 | D:8      | Noticed a two-headed ogre
  6175 | D:8      | Noticed Opti87's ghost (novice DEWz)
  6189 | D:8      | Killed a two-headed ogre
  6189 | D:8      | Reached skill level 10 in Axes
  6547 | D:8      | Reached skill level 11 in Axes
  6740 | D:8      | Reached skill level 1 in Dodging
  6750 | D:8      | Killed Opti87's ghost
  7316 | D:9      | Reached ** piety under Trog
  7335 | D:9      | Noticed a two-headed ogre
  7346 | D:9      | Killed a two-headed ogre
  7346 | D:9      | Reached XP level 10. HP: 69/86 MP: 9/9
  7411 | D:9      | Reached skill level 12 in Axes
  7512 | D:9      | Found a staircase to the Orcish Mines.
  7707 | D:9      | Found a roughly hewn altar of Beogh.
  8006 | D:9      | Found a hide-covered altar of Uskayaw.
  8007 | D:9      | Found a sacrificial altar of Ru.
  8141 | D:9      | Found an opulent altar of Gozag.
  8214 | D:9      | Found an iron altar of Okawaru.
  8258 | D:10     | Entered Level 10 of the Dungeon
  8426 | D:10     | Killed an unseen horror
  8426 | D:10     | Reached skill level 13 in Axes
  8911 | D:10     | Reached *** piety under Trog
  8959 | D:10     | Reached XP level 11. HP: 32/95 MP: 10/10
  8966 | D:10     | Reached skill level 10 in Shields
  9124 | D:10     | Found a staircase to the Lair.
  9155 | D:10     | Noticed Saeniel's ghost (journeyman GrFi)
  9188 | D:10     | Killed Saeniel's ghost
  9531 | Lair:1   | Entered Level 1 of the Lair of Beasts
  9648 | Lair:1   | Reached skill level 10 in Armour
  9921 | Lair:1   | Reached **** piety under Trog
 10476 | Lair:1   | You fall through a shaft!
 10498 | Lair:2   | Reached skill level 14 in Axes
 10772 | Lair:1   | Noticed a four-headed hydra
 10780 | Lair:1   | Killed an eight-headed hydra
 11169 | Lair:2   | Noticed a seven-headed hydra
 11180 | Lair:2   | Killed a 13-headed hydra
 11434 | Lair:2   | Reached XP level 12. HP: 81/105 MP: 11/11
 11650 | Lair:2   | Found a staircase to the Snake Pit.
 11972 | Lair:3   | Noticed a four-headed hydra
 11984 | Lair:3   | Killed a ten-headed hydra
 12239 | Lair:3   | Got a fine war axe
 12240 | Lair:3   | Identified the +6 war axe of Animal Spirits {protect, Str+4 Int-2 SInv} (You found it on level 3 of the Lair of Beasts)
 12320 | Lair:3   | Noticed a four-headed hydra
 12343 | Lair:3   | Killed a ten-headed hydra
 12363 | Lair:3   | You fall through a shaft for 3 floors!
 12363 | Lair:6   | Entered Level 6 of the Lair of Beasts
 12363 | Lair:6   | Noticed a five-headed hydra
 12389 | Lair:5   | Reached skill level 15 in Axes
 12671 | Lair:5   | Noticed Rupert
 12680 | Lair:5   | Received a gift from Trog
 12700 | Lair:5   | Killed Rupert
 12700 | Lair:5   | Reached skill level 10 in Fighting
 13589 | Lair:4   | Received a gift from Trog
 13610 | Lair:4   | Lost intelligence.
 13617 | Lair:4   | Noticed a seven-headed hydra
 13625 | Lair:4   | Killed an 11-headed hydra
 13962 | Lair:4   | Reached XP level 13. HP: 113/113 MP: 12/12
 14192 | Lair:4   | Found a staircase to the Shoals.
 14382 | Lair:4   | Reached skill level 16 in Axes
 14852 | Lair:5   | Found a staircase to the Slime Pits.
 14852 | Lair:5   | Found a viscous altar of Jiyva.
 15447 | Lair:6   | Reached ***** piety under Trog
 15541 | Lair:6   | Received a gift from Trog
 15795 | Lair:6   | Reached skill level 15 in Shields
 16152 | Lair:6   | Reached skill level 17 in Axes
 16217 | Lair:6   | HP: 4/117 [death yak (4)]
 16218 | Lair:6   | Slain by a death yak

Skill      XL: |  1  2  3  4  5  6  7  8  9 10 11 12 13 |
---------------+----------------------------------------+-----
Armour         | 4 5 6 7 9 10 11 12 | 12.2
Fighting       | 4 5 6 7 8 9 10 11 | 11.8
Shields        | 4 5 6 7 8 9 12 14 15 | 15.6
Axes           | 3 4 6 7 9 11 13 14 15 17 | 17.0
Dodging        | 1 2 3 |  3.0

Action                   |  1- 3 |  4- 6 |  7- 9 | 10-12 | 13-15 || total
-------------------------+-------+-------+-------+-------+-------++-------
Melee: War axe           |    95 |   174 |   293 |   704 |   250 ||  1516
       Headbutt          |     7 |    27 |    46 |   159 |    88 ||   327
Invok: Burn Spellbooks   |       |       |     2 |     1 |     1 ||     4
       Berserk           |       |       |     1 |     5 |     2 ||     8
       Trog's Hand       |       |       |       |       |     1 ||     1
  Use: Potion            |     1 |       |     1 |     1 |     2 ||     5
       Scroll            |       |       |     5 |    12 |     8 ||    25
 Stab: Petrified         |       |       |       |       |     2 ||     2
  Eat: Ration            |     1 |       |     3 |     3 |     1 ||     8
       Chunk             |       |     5 |    14 |    14 |     6 ||    39
Armor: Plate armour      |    70 |   108 |   124 |   276 |   119 ||   697
       Scale mail        |     1 |       |       |       |       ||     1
Dodge: Dodged            |    17 |    28 |    83 |   214 |    47 ||   389
Block: Shield            |    58 |    96 |   133 |   380 |       ||   667
       Large shield      |       |       |       |   284 |   252 ||   536
       Reflection        |       |       |       |     2 |     7 ||     9
